 Dungeon Crawl Stone Soup version 0.27-a0-124-g19cb506db8 (webtiles) character file.

Game seed: 3130711527152353052

5805 kae the Grappler (level 10, 0/100 HPs)
             Began as a White Draconian Transmuter on Jan 26, 2021.
             Was a Priest of Ru.
             Slain by a cyan ugly thing (12 damage)
             ... on level 9 of the Dungeon.
             The game lasted 00:11:39 (14922 turns).

kae the Grappler (White Draconian Transmuter)      Turns: 14922, Time: 00:11:40

Health: 0/100      AC:  6    Str: 15    XL:     10   Next: 50%
Magic:  18/18      EV: 12    Int: 14    God:    Ru [***...]
Gold:   775        SH:  0    Dex: 12    Spells: 7/20 levels left

rFire    . . .     SeeInvis .     - Unarmed
rCold    + + +     Faith    .   (shield currently unavailable)
rNeg     + . .     Spirit   .   (armour unavailable)
rPois    +         Reflect  .   (helmet currently unavailable)
rElec    .         Harm     .   (cloak currently unavailable)
rCorr    .         Rampage  .   (gloves currently unavailable)
Will     .....                  (boots currently unavailable)
Stlth    +.........             (no amulet)
HPRegen  0.26/turn              g - ring of protection from fire
MPRegen  0.16/turn              t - ring of positive energy

@: ice-form
A: large, (breathe frost), unfitting armour, unskilled 1, inexperienced 1, AC +7
a: End Transformation, Renounce Religion, Draw Out Power


You were on level 9 of the Dungeon.
You worshipped Ru.
Ru was most pleased with you.
You were a creature of crystalline ice.
You visited 2 branches of the dungeon, and saw 11 of its levels.
You also visited: Ossuary.

You collected 775 gold pieces.

Inventory:

Armour
 u - a +1 cloak (melded)
Jewellery
 g - a ring of protection from fire (left front paw)
 t - a ring of positive energy (right front paw)
Wands
 i - a wand of digging (4)
 p - a wand of iceblast (36)
 s - a wand of mindburst (16)
Scrolls
 a - a scroll of identify
 b - 10 scrolls of remove curse
 e - 5 scrolls of teleportation
 l - 3 scrolls of enchant weapon
 o - a scroll of amnesia
 v - a scroll of fog {unknown}
 x - a scroll of magic mapping
 y - a scroll of brand weapon
Potions
 c - 7 potions of brilliance
 d - 3 potions of haste
 f - 8 potions of curing
 h - a potion of lignification
 j - a potion of flight
 k - a potion of invisibility
 m - 2 potions of resistance
 n - 3 potions of might
 q - 4 potions of heal wounds
 r - 5 potions of magic
 w - 2 potions of cancellation
 z - a potion of attraction {unknown}


   Skills:
 + Level 6.4 Fighting
 + Level 5.5 Dodging
 * Level 8.9 Unarmed Combat
 + Level 5.9 Spellcasting
 + Level 6.2 Transmutations
 - Level 4.5 Ice Magic
 - Level 2.6 Poison Magic


You had 7 spell levels left.
You knew the following spells:

 Your Spells              Type           Power        Failure   Level
a - Beastly Appendage     Tmut           42%          1%          1
b - Spider Form           Tmut/Pois      8%           8%          3
c - Ice Form              Ice/Tmut       19%          17%         4
d - Blade Hands           Tmut           10%          32%         5

Your spell library contained the following spells:

 Spells                   Type           Power        Failure   Level
 Wereblood                Tmut           21%          1%          2
 Bolt of Magma            Conj/Fire/Erth 2%           99%         5
 Iskenderun's Battlesphe  Conj           4%           99%         5
 Iron Shot                Conj/Erth      2%           100%        6
 Orb of Destruction       Conj           2%           100%        7
 Spellforged Servitor     Conj/Summ      2%           100%        7


Dungeon Overview and Level Annotations

Branches:
Dungeon (10/15)            Temple (1/1) D:7             Orc (0/2) D:9
Ossuary (visited)
   Lair: D:8-11

Altars:
Ashenzari
Cheibriados
Dithmenos
Elyvilon
Fedhas
Gozag
Hepliaklqana
Kikubaaqudgha
Makhleb
Nemelex Xobeh
Okawaru
Qazlal
Ru
Sif Muna
Trog
Uskayaw
Vehumet
Wu Jian
Xom
Yredelemnul
Zin
The Shining One

Shops:
D:7 *

Annotations:
D:10 exclusion: upstairs


Innate Abilities, Weirdness & Mutations

((You can breathe waves of freezing cold.))
((You can buffet flying creatures when you breathe cold.))
((Your icy white scales are hard. (AC +7)))
You cannot fit into any form of body armour.
((Your flesh is cold resistant. (rC+)))
((You are cold-blooded and may be slowed by cold attacks.))
You are somewhat unskilled. (-1 Apt)
You are somewhat inexperienced. (-2 XL)


Message History

The orc stops glowing.
The leopard gecko bites you.
* * * LOW HITPOINT WARNING * * *
The orc barely misses you.
Okay, then.
The orc barely misses you. The iguana barely misses you.
The orc closely misses you.
An orc comes into view.
It is wielding a +0 short sword of venom.
The orc priest begins to pray, but is stunned by your conviction!
There is a stone staircase leading up here.
Okay, then.
You feel much better. The cyan ugly thing headbutts you!
The cyan ugly thing shocks you!
* * * LOW HITPOINT WARNING * * *
The cyan ugly thing closely misses you.
You climb upwards.
There is a stone staircase leading down here.
The cyan ugly thing headbutts you!
* * * LOW HITPOINT WARNING * * *
The cyan ugly thing shocks you!
You die...

###############################
................†.............###
##.##########################.##.
#.# #.##. #.# ############.##.
#.# ######.........<#.##. #.#
#######....#(##########.##.
#.####.....#..uY.[##########.##.
#....'.....'..>.................
######.....#......##########'###
#.....#......# #(.....
#.....#......########..)...
#.....#.............'......
#######.....#########......
#.....## #.....) ###....# #......


You could see a cyan ugly thing.

Vanquished Creatures
  A two-headed ogre (D:9)
  An ugly thing (D:9)
  A centaur skeleton (D:9)
  2 trolls
  10 yaks (D:9)
  Edmund (D:5)
  A water moccasin (D:8)
  6 orc warriors
  3 sky beasts
  2 black bears
  A hornet zombie (D:8)
  2 necrophages
  2 centaurs
  2 elf zombies (Ossuary)
  3 big kobolds
  5 bullfrogs
  A wyvern zombie (D:6)
  2 scorpions
  4 wights (D:7)
  A quasit (D:6)
  2 bullfrog zombies
  5 bullfrog skeletons
  2 human zombies (Ossuary)
  3 jellies
  A hound (D:4)
  13 orc wizards
  4 orc priests
  2 iguanas (D:8)
  9 worker ants
  2 hound skeletons (D:3)
  2 hound zombies
  2 mummies (Ossuary)
  A worker ant zombie (D:3)
  7 gnolls
  9 adders
  2 shadow imps
  2 white imps
  2 oozes (D:1)
  3 adder zombies (Ossuary)
  2 adder skeletons
  A dart slug (D:2)
  2 worms (D:3)
  9 leopard geckos
  54 orcs
  5 bats
  7 giant cockroaches
  11 goblins
  10 hobgoblins
  4 jackals (D:9)
  14 kobolds
  7 quokkas
  A ball python (D:4)
  A ball python skeleton (D:4)
  4 frilled lizards
  10 hobgoblin zombies (Ossuary)
  A jackal skeleton (D:3)
  A jackal zombie (Ossuary)
  10 kobold zombies (Ossuary)
  A leopard gecko skeleton (D:5)
  A leopard gecko zombie (D:6)
  7 orc zombies (Ossuary)
  3 quokka skeletons
  A quokka zombie (D:9)
  9 rats
  A rat zombie (Ossuary)
301 creatures vanquished.

Vanquished Creatures (others)
  16 plants (D:10)
  3 withered plants (D:3)
19 creatures vanquished.

Grand Total: 320 creatures vanquished

Notes
Turn   | Place    | Note
-------+----------+-------------------------------------------
     0 | D:1      | kae the Draconian Transmuter began the quest for the Orb.
     0 | D:1      | Reached XP level 1. HP: 16/16 MP: 3/3
   455 | D:1      | Reached XP level 2. HP: 13/23 MP: 3/5
  1052 | D:1      | Reached XP level 3. HP: 26/28 MP: 6/6
  1056 | D:1      | Learned a level 3 spell: Spider Form
  2043 | D:2      | Found an ancient bone altar of Kikubaaqudgha.
  2095 | D:2      | Reached skill level 1 in Poison Magic
  2098 | D:2      | Reached XP level 4. HP: 20/35 MP: 5/7
  2113 | D:2      | Found a radiant altar of Vehumet.
  2765 | D:3      | Found a shimmering blue altar of Sif Muna.
  3077 | D:3      | Reached XP level 5. HP: 37/40 MP: 7/9
  3894 | D:3      | Learned a level 4 spell: Ice Form
  4058 | D:4      | Found a white marble altar of Elyvilon.
  4354 | D:4      | Reached skill level 1 in Ice Magic
  4354 | D:4      | Reached XP level 6. HP: 41/48 MP: 6/10
  4501 | D:4      | Found a blossoming altar of Fedhas.
  4618 | D:4      | Reached skill level 4 in Unarmed Combat
  5369 | D:5      | Entered Level 5 of the Dungeon
  5369 | D:5      | Noticed an orc warrior
  5646 | D:4      | Killed an orc warrior
  5647 | D:4      | Your scales start taking on an icy white colour.
  5647 | D:4      | Reached XP level 7. HP: 12/56 MP: 7/12
  5647 | D:4      | Gained mutation: Your flesh is cold resistant. (rC+) [White
                  | Draconian growth]
  6741 | D:5      | Noticed Edmund
  6753 | D:5      | Killed Edmund
  6754 | D:5      | Reached skill level 5 in Unarmed Combat
  7050 | D:5      | Learned a level 5 spell: Blade Hands
  7062 | D:6      | Reached XP level 8. HP: 63/63 MP: 8/13
  7809 | D:6      | Reached skill level 5 in Ice Magic
  8516 | D:7      | Found Poxzas's Assorted Antiques.
  8540 | D:7      | Found a sand-covered staircase.
  8541 | D:7      | Found a staircase to the Ecumenical Temple.
  8548 | Temple   | Entered the Ecumenical Temple
  8638 | Temple   | Became a worshipper of Ru the Awakened
  8658 | Ossuary  | Entered an ossuary
  9231 | Ossuary  | Reached skill level 6 in Unarmed Combat
 10231 | D:7      | Reached XP level 9. HP: 51/71 MP: 12/15
 10760 | D:7      | Gained mutation: You are somewhat inexperienced. (-2 XL)
                  | [Ru sacrifice]
 10760 | D:7      | Reached XP level 8. HP: 66/66 MP: 15/15
 10760 | D:7      | Reached XP level 7. HP: 59/59 MP: 14/14
 10760 | D:7      | Reached * piety under Ru
 10760 | D:7      | Reached ** piety under Ru
 10988 | D:8      | Reached skill level 5 in Transmutations
 11056 | D:8      | Reached skill level 7 in Unarmed Combat
 11077 | D:8      | Reached skill level 5 in Spellcasting
 11495 | D:8      | Reached XP level 8. HP: 67/67 MP: 15/15
 11744 | D:8      | Reached skill level 5 in Fighting
 12190 | D:9      | Found a shadowy altar of Dithmenos.
 12310 | D:9      | Reached skill level 5 in Dodging
 12310 | D:9      | Reached skill level 8 in Unarmed Combat
 12310 | D:9      | Reached XP level 9. HP: 74/74 MP: 13/17
 12496 | D:9      | Noticed a purple ugly thing
 12506 | D:9      | Killed a purple ugly thing
 12560 | D:9      | Noticed a two-headed ogre
 12700 | D:9      | Found a staircase to the Orcish Mines.
 12797 | D:9      | Killed a two-headed ogre
 13465 | D:9      | Noticed a troll
 13475 | D:9      | Killed a troll
 13476 | D:9      | Reached skill level 9 in Unarmed Combat
 13476 | D:9      | Reached XP level 10. HP: 48/84 MP: 11/19
 13997 | D:9      | Gained mutation: You are somewhat unskilled. (-1 Apt) [Ru
                  | sacrifice]
 13997 | D:9      | Reduced skill Unarmed Combat to level 8
 13997 | D:9      | Reduced skill Spellcasting to level 5
 13997 | D:9      | Reached *** piety under Ru
 14376 | D:10     | Entered Level 10 of the Dungeon
 14376 | D:10     | Noticed a catoblepas
 14376 | D:10     | Noticed a manticore
 14906 | D:10     | Noticed a cyan ugly thing
 14922 | D:9      | Slain by a cyan ugly thing

Illustrated notes

Levels and vault maps discovered:
D:1:      erik_arrival_cave_to_civilisation [erik_arrival_cave_to_temple],
          layout_basic
D:2:      layout_loops_ring, lemuel_zombie_altar_kikubaaqudgha,
          old_standard_altar, due_unseen_surprise
D:3:      layout_basic, overflow_temple_1_default, serial_undead,
          serial_undead_d, serial_undead_f, serial_undead_c, serial_undead_b,
          serial_undead_a, serial_undead_f
D:4:      layout_basic, lemuel_doored_altar, elyvilon_altar_3
D:5:      layout_basic, uniq_edmund
D:6:      layout_basic, minmay_between
D:7:      layout_rooms, minmay_temple_entry_mist, serial_shops, shop,
          nicolae_ossuary_entry_ruins
D:8:      minmay_bubble_buster, layout_rooms
D:9:      layout_basic, nicolae_dithmenos_shadow_blocks, hiddenorc1_lemuel
D:10:     nzn_motion_control, layout_rooms, dpeg_oklobed_lair, serial_shops,
          kennysheep_mini_moat, amcnicky_mini_corridor_feature,
          kennysheep_doodads
Temple:   nicolae_temple_elliptical

Skill      XL: |  1  2  3  4  5  6  7  8  9 10 |
---------------+-------------------------------+-----
Dodging        | 2 3 5 |  5.5
Poison Magic   | 1 2 3 2 |  2.6
Transmutations | 3 5 4 6 |  6.2
Spellcasting   | 3 5 4 6 5 |  5.9
Fighting       | 2 3 5 6 |  6.4
Ice Magic      | 1 2 4 5 4 |  4.5
Unarmed Combat | 4 7 8 9 8 |  8.9

Action                   |  1- 3 |  4- 6 |  7- 9 | 10-12 || total
-------------------------+-------+-------+-------+-------++-------
Melee: Unarmed           |   146 |   206 |   595 |   110 ||  1057
       Headbutt          |     9 |    12 |    15 |       ||    36
       Tailslap          |    10 |    15 |    38 |     1 ||    64
       Kick              |    10 |    18 |    28 |     1 ||    57
       Punch             |     2 |     1 |     8 |       ||    11
 Cast: Beastly Appendage |    25 |    24 |    17 |     1 ||    67
       Spider Form       |       |     9 |     2 |       ||    11
       Ice Form          |       |     1 |    23 |     9 ||    33
Invok: Sacrifice Experie |       |       |     1 |       ||     1
       Sacrifice Skill   |       |       |       |     1 ||     1
 Abil: Breathe Frost     |       |       |     7 |       ||     7
  Use: Scroll            |       |       |    24 |       ||    24
       Potion            |       |       |     2 |     1 ||     3
 Stab: Sleeping          |       |       |     3 |     1 ||     4
       Invisible         |       |       |       |     1 ||     1
Armor: Skin              |    38 |    48 |   166 |    23 ||   275
Dodge: Dodged            |    93 |   166 |   325 |    54 ||   638

Table legend: (Time is in decaauts)
 A = Elapsed time spent in this place.
 B = Non-inter-level travel time spent in this place.
 C = Inter-level travel time spent in this place.
 D = Time resting spent in this place.
 E = Time spent auto-exploring this place.
 F = Levels seen in this place.
 G = Mean time per level.
                   A        B        C        D        E       F      G
               +--------+--------+--------+--------+--------+-----+--------+
         Total |  14823 |  14411 |    412 |    992 |  11231 |  12 | 1235.2 |
       Dungeon |  13718 |  13323 |    395 |    581 |  10824 |  10 | 1371.8 |
        Temple |     95 |     78 |     17 |      0 |     76 |   1 |   95.0 |
       Ossuary |   1008 |   1008 |      0 |    411 |    331 |   1 | 1008.0 |
               +--------+--------+--------+--------+--------+-----+--------+

Top non-repeatable levels by time:
     D:9: 2195 daAuts
     D:4: 1805 daAuts
     D:1: 1481 daAuts
     D:2: 1455 daAuts
     D:6: 1427 daAuts
     D:8: 1355 daAuts
     D:7: 1199 daAuts
     D:5: 1145 daAuts
     D:3: 1139 daAuts
 Ossuary: 1008 daAuts
    D:10: 513 daAuts
  Temple: 95 daAuts
